[Event "ICC tourney 1979 (3 2)"]
[Site "Internet Chess Club"]
[Date "2020.08.28"]
[Round "4"]
[White "ab4gm"]
[Black "oxdidi"]
[Result "1-0"]
[ICCResult "Black checkmated"]
[WhiteElo "1394"]
[BlackElo "1127"]
[Opening "Giuoco Pianissimo: Italian four knights variation"]
[ECO "C50"]
[NIC "IG.02"]
[Time "20:36:16"]
[TimeControl "180+2"]

1. e4 e5 2. Nf3 Nc6 3. Bc4 Bc5 4. Nc3 Nf6 5. d3 h5 6. Bg5 d6 7. Nd5 O-O 8.
Nxf6+ gxf6 9. Be3 Bxe3 10. fxe3 Bg4 11. h3 Bxf3 12. Qxf3 Kh8 13. Qxh5+ Kg7
14. Rf1 Rh8 15. Qxf7+ Kh6 16. Rxf6+ Kg5 17. Qg6+ Kh4 18. Qg4# {Black
checkmated} 1-0

[Event "ICC tourney 1979 (3 2)"]
[Site "Internet Chess Club"]
[Date "2020.08.28"]
[Round "4"]
[White "Snowzera"]
[Black "Baggs"]
[Result "0-1"]
[ICCResult "White checkmated"]
[WhiteElo "1215"]
[BlackElo "1230"]
[Opening "French: advance, Euwe variation"]
[ECO "C02"]
[NIC "FR.03"]
[Time "20:36:13"]
[TimeControl "180+2"]

1. e4 e6 2. d4 d5 3. e5 c5 4. c3 Nc6 5. Nf3 Bd7 6. Bb5 a6 7. Bxc6 Bxc6 8.
O-O Be7 9. Be3 Nh6 10. Bxh6 gxh6 11. Qd2 Bg5 12. Nxg5 Qxg5 13. Qxg5 hxg5 14.
Nd2 cxd4 15. cxd4 Ke7 16. Nf3 Rag8 17. h3 f6 18. exf6+ Kxf6 19. Rfe1 g4 20.
hxg4 Rxg4 21. Ne5 Rxd4 22. Nxc6 bxc6 23. Rac1 Rc8 24. Re3 c5 25. Rf3+ Ke5
26. Re3+ Re4 27. Rh3 Rc7 28. Rh5+ Kd6 29. f3 Re5 30. Rh6 c4 31. a3 Re2 32.
b3 c3 33. Kf1 Rb2 34. Rxh7 Rxh7 35. Rxc3 Rh1# {White checkmated} 0-1

[Event "ICC tourney 1979 (3 2)"]
[Site "Internet Chess Club"]
[Date "2020.08.28"]
[Round "4"]
[White "Chesschamp27"]
[Black "nbankulla"]
[Result "1-0"]
[ICCResult "Black checkmated"]
[WhiteElo "1475"]
[BlackElo "1182"]
[Opening "Queen's pawn: Charlick (Englund) gambit"]
[ECO "A40"]
[NIC "QO.17"]
[Time "20:36:24"]
[TimeControl "180+2"]

1. d4 e5 2. dxe5 Nc6 3. Nf3 Qe7 4. Bf4 Qb4+ 5. Bd2 Qxb2 6. Nc3 Bb4 7. Rb1
Qa3 8. Nb5 Bxd2+ 9. Nxd2 Qa5 10. c3 a6 11. Nc4 axb5 12. Nxa5 Rxa5 13. e3
Nxe5 14. Qd5 Nc6 15. Bxb5 Nf6 16. Qd2 O-O 17. Bxc6 dxc6 18. O-O Bf5 19. Rxb7
Rd5 20. Qb2 Rd3 21. Rb8 Ne8 22. Rc1 h6 23. Qb7 Rd2 24. Qxc6 Bc2 25. Rxe8
Rxe8 26. Qxe8+ Kh7 27. Qxf7 Rd1+ 28. Rxd1 Bxd1 29. Qf5+ Kh8 30. Qc8+ Kh7 31.
Qxc7 Ba4 32. c4 Bc2 33. c5 Bb1 34. a4 Bc2 35. a5 Be4 36. a6 Bd3 37. Qb7 Bxa6
38. Qxa6 Kg8 39. c6 Kh7 40. c7 Kg8 41. c8=Q+ Kh7 42. Qd3+ g6 43. Qdd7#
{Black checkmated}
1-0

[Event "ICC tourney 1979 (3 2)"]
[Site "Internet Chess Club"]
[Date "2020.08.28"]
[Round "4"]
[White "drberkley"]
[Black "clair"]
[Result "1-0"]
[ICCResult "Black resigns"]
[WhiteElo "1523"]
[BlackElo "1263"]
[Opening "Scandinavian: Pytel-Wade variation"]
[ECO "B01"]
[NIC "SD.02"]
[Time "20:36:10"]
[TimeControl "180+2"]

1. e4 d5 2. exd5 Qxd5 3. Nc3 Qd6 4. Nf3 g6 5. d4 Nf6 6. Be2 Bg7 7. O-O O-O
8. Ne5 a6 9. Bf3 Nc6 10. Bf4 Qxd4 11. Nxc6 Qxd1 12. Nxe7+ Kh8 13. Raxd1 c6
14. Na4 Be6 15. Bc7 Rae8 16. Bd6 Nd5 17. Nxd5 cxd5 18. Bxf8 Rxf8 19. Bxd5
Bxd5 20. Rxd5 h5 21. g3 Rc8 22. c3 b5 23. Nb6 Rc6 24. Nd7 b4 25. Ne5 Bxe5
26. Rxe5 bxc3 27. bxc3 Rxc3 28. Ra5 Rc6 29. Re1 Kg7 30. Re7 Kf6 31. Ra7 Rc1+
32. Kg2 g5 33. R7xa6+ Kg7 34. Rxg5+ {Black resigns} 1-0

[Event "ICC tourney 1979 (3 2)"]
[Site "Internet Chess Club"]
[Date "2020.08.28"]
[Round "4"]
[White "QueenHM"]
[Black "JGroder"]
[Result "0-1"]
[ICCResult "White checkmated"]
[WhiteElo "1437"]
[BlackElo "1484"]
[Opening "French: Wing gambit"]
[ECO "C00"]
[NIC "FR.01"]
[Time "20:36:11"]
[TimeControl "180+2"]

1. e4 e6 2. Nf3 d5 3. e5 c5 4. b4 cxb4 5. d4 Nc6 6. a3 bxa3 7. c3 f6 8. Bd3
Nge7 9. exf6 gxf6 10. O-O Ng6 11. h3 Bd6 12. Nh2 O-O 13. Qh5 Qe8 14. Ng4 f5
15. Nh6+ Kh8 16. Nxa3 Bd7 17. Nb5 Bb8 18. Ba3 a6 19. Bxf8 Qxf8 20. g4 Nf4
21. Nf7+ Kg7 22. Qg5+ Kxf7 23. Bc2 Nxh3+ 24. Kg2 Nxg5 25. gxf5 exf5 26. f4
Ne4 27. Rf3 Qg7+ 28. Kf1 Nd2+ 29. Ke2 Nxf3 30. Kxf3 Qg4+ 31. Kf2 axb5 32.
Rxa8 Qxf4+ 33. Ke2 Bd6 34. Kd3 Qe4+ 35. Kd2 Bf4+ 36. Kd1 Qf3+ 37. Ke1 Qe3+
38. Kf1 b4 39. cxb4 Nxd4 40. Bxf5 Bb5+ 41. Kg2 Qg3+ 42. Kh1 Qh2#
{White checkmated}
0-1

[Event "ICC tourney 1979 (3 2)"]
[Site "Internet Chess Club"]
[Date "2020.08.28"]
[Round "4"]
[White "challenger2010"]
[Black "chessrex"]
[Result "1-0"]
[ICCResult "Black checkmated"]
[WhiteElo "2035"]
[BlackElo "1954"]
[Opening "Philidor: López counter-gambit"]
[ECO "C41"]
[NIC "KP.10"]
[Time "20:36:10"]
[TimeControl "180+2"]

1. e4 e5 2. Nf3 d6 3. Bc4 f5 4. d3 c6 5. O-O f4 6. d4 Qf6 7. dxe5 dxe5 8. b3
Nh6 9. Bb2 Bd6 10. Nbd2 Bg4 11. Be2 O-O 12. Nc4 Bc7 13. Nfxe5 Bxe2 14. Qxe2
Qg5 15. Nf3 Qg6 16. Rad1 Re8 17. Rfe1 b5 18. Nce5 Bxe5 19. Bxe5 Qf7 20. Qd3
Na6 21. Qd7 Qxd7 22. Rxd7 Nf7 23. Bc3 Nc5 24. Rc7 Rec8 25. Rxc8+ Rxc8 26. e5
Ne6 27. Rd1 Rd8 28. Rxd8+ Nexd8 29. Kf1 Kf8 30. Bb4+ Ke8 31. Ke2 Kd7 32. Kd3
Ke6 33. Ke4 g5 34. Nd4+ Kd7 35. Kf5 Ke8 36. e6 Nh6+ 37. Kxg5 Ng8 38. Bc5 a6
39. Kxf4 Nf6 40. c4 Nb7 41. Bb6 c5 42. Nf5 bxc4 43. bxc4 Nd8 44. Ng7+ Kf8
45. Bxd8 Kxg7 46. Bxf6+ Kxf6 47. e7 Kxe7 48. Ke5 Kd7 49. Kd5 Kc7 50. Kxc5
Kb7 51. Kd6 Kb6 52. c5+ Kb5 53. c6 Ka4 54. c7 Ka3 55. c8=Q a5 56. Qc3+ Ka4
57. Qb3# {Black checkmated} 1-0

[Event "ICC tourney 1979 (3 2)"]
[Site "Internet Chess Club"]
[Date "2020.08.28"]
[Round "4"]
[White "VirginiaGuy"]
[Black "Snuffleupegus"]
[Result "0-1"]
[ICCResult "White resigns"]
[WhiteElo "1308"]
[BlackElo "1501"]
[Opening "Pirc: classical (two knights) system"]
[ECO "B07"]
[NIC "PU.10"]
[Time "20:37:03"]
[TimeControl "180+2"]

1. d4 d6 2. e4 g6 3. Nf3 Bg7 4. Nc3 Nf6 5. Bd3 Nc6 6. Be3 O-O 7. O-O e5 8.
d5 Ne7 9. Re1 Ne8 10. Rb1 f5 11. Ra1 f4 12. Bd2 h6 13. Nh4 g5 14. Nf3 g4 15.
Nh4 h5 16. Be2 Bf6 17. g3 Bxh4 18. gxh4 f3 19. Bf1 Ng6 20. Bg5 Nf6 21. Qd2
Qd7 22. Qe3 Nh7 23. Rad1 Rf4 24. Bxf4 Nxf4 {White resigns} 0-1

[Event "ICC tourney 1979 (3 2)"]
[Site "Internet Chess Club"]
[Date "2020.08.28"]
[Round "4"]
[White "Checkmatestone"]
[Black "blackjack721"]
[Result "1-0"]
[ICCResult "Black checkmated"]
[WhiteElo "1423"]
[BlackElo "1316"]
[Opening "two knights defense: Bogolyubov variation"]
[ECO "C58"]
[NIC "KP.01"]
[Time "20:36:09"]
[TimeControl "180+2"]

1. e4 e5 2. Nf3 Nc6 3. Bc4 Nf6 4. Ng5 d5 5. exd5 Na5 6. Bb5+ c6 7. dxc6 bxc6
8. Qf3 e4 9. Nxe4 Nxe4 10. Bxc6+ Nxc6 11. Qxe4+ Qe7 12. Qxe7+ Bxe7 13. O-O
O-O 14. c3 Bc5 15. d4 Bb6 16. a4 a5 17. Nd2 f5 18. Nc4 Bc7 19. b3 f4 20. f3
Ne7 21. Ba3 Rf7 22. Rae1 Ba6 23. Bxe7 Rb8 24. Bc5 h5 25. Re6 Bc8 26. Re8+
Kh7 27. Rfe1 Ba6 28. Rxb8 Bxb8 29. Nxa5 h4 30. Nc6 Bc7 31. Re7 Rxe7 32. Nxe7
Be2 33. b4 h3 34. b5 hxg2 35. Kxg2 Ba5 36. b6 Ba6 37. Nd5 Bb7 38. Nb4 g5 39.
h3 Kg6 40. Kf2 Kh5 41. Kg2 Kh4 42. Nd3 Bxc3 43. Ne5 Be1 44. Nf7 g4 45. hxg4
Bg3 46. Be7# {Black checkmated} 1-0

[Event "ICC tourney 1979 (3 2)"]
[Site "Internet Chess Club"]
[Date "2020.08.28"]
[Round "4"]
[White "CastledQueen"]
[Black "kurohaze"]
[Result "1-0"]
[ICCResult "Black resigns"]
[WhiteElo "1504"]
[BlackElo "1358"]
[Opening "French: Rubinstein variation"]
[ECO "C10"]
[NIC "FR.07"]
[Time "20:36:18"]
[TimeControl "180+2"]

1. e4 e6 2. Nc3 d5 3. d4 dxe4 4. Nxe4 Be7 5. Bd3 Nf6 6. Nxf6+ Bxf6 7. c3 O-O
8. Ne2 g6 9. O-O e5 10. dxe5 Bxe5 11. f4 Bg7 12. Be3 Bg4 13. h3 Bxe2 14.
Qxe2 a6 15. Rad1 Qc8 16. f5 Re8 17. Qf3 Nc6 18. fxg6 fxg6 19. Qf7+ Kh8 20.
Bf4 Ne5 21. Qb3 Nxd3 22. Rxd3 c5 23. Rg3 c4 24. Qc2 Qc5+ 25. Kh1 Rad8 26.
Rg5 Qc6 27. Qf2 b5 28. Qh4 a5 29. Rg3 b4 30. cxb4 axb4 31. Kh2 Bxb2 32. Bg5
Rd4 33. Bf6+ Kg8 34. Bxd4 Qd6 35. Bxb2 c3 36. Bc1 c2 37. Qc4+ Kg7 38. Bb2+
Kh6 39. Bc1+ Kg7 40. Qxc2 Qd5 41. Qc7+ Kg8 42. Bh6 {Black resigns} 1-0

[Event "ICC tourney 1979 (3 2)"]
[Site "Internet Chess Club"]
[Date "2020.08.28"]
[Round "4"]
[White "AJRChess2011"]
[Black "Anichess2009"]
[Result "1-0"]
[ICCResult "Black checkmated"]
[WhiteElo "1401"]
[BlackElo "1305"]
[Opening "Pirc: classical (two knights) system"]
[ECO "B08"]
[NIC "PU.10"]
[Time "20:36:31"]
[TimeControl "180+2"]

1. e4 d6 2. d4 Nf6 3. Nc3 g6 4. Nf3 Bg7 5. Bg5 Nc6 6. Bb5 Bd7 7. d5 Ne5 8.
Nxe5 dxe5 9. Bc4 O-O 10. O-O Kh8 11. Qd2 c5 12. d6 b6 13. Rad1 e6 14. Nb5 a6
15. Nc7 Ra7 16. Rfe1 b5 17. Be2 Qc8 18. Qe3 Rxc7 19. dxc7 Qxc7 20. Bxf6 Bxf6
21. Qd3 Rd8 22. Qe3 c4 23. Qa3 Bc8 24. Qb4 Rxd1 25. Qf8# {Black checkmated}
1-0

[Event "ICC tourney 1979 (3 2)"]
[Site "Internet Chess Club"]
[Date "2020.08.28"]
[Round "4"]
[White "OctopusYule"]
[Black "BillietheKid"]
[Result "1-0"]
[ICCResult "Black forfeits on time"]
[WhiteElo "1588"]
[BlackElo "1455"]
[Opening "French: Tarrasch"]
[ECO "C03"]
[NIC "FR.14"]
[Time "20:36:27"]
[TimeControl "180+2"]

1. e4 e6 2. d4 d5 3. Nd2 Be7 4. Ngf3 Nf6 5. e5 Nfd7 6. Bd3 c5 7. c3 Nc6 8.
O-O Qb6 9. dxc5 Nxc5 10. Bc2 O-O 11. Nb3 Nd7 12. Re1 f6 13. exf6 Nxf6 14.
Be3 Qc7 15. Nbd4 Ne5 16. Ng5 Neg4 17. g3 Nxe3 18. Rxe3 e5 19. Nde6 Bxe6 20.
Nxe6 Qd6 21. Nxf8 Rxf8 22. Bb3 Kh8 23. Rd3 Ne4 24. Rf3 Rxf3 25. Qxf3 Nd2 26.
Qxd5 Nxb3 27. Qxb3 b6 28. Rd1 Qf6 29. Qd5 h6 30. b4 a5 31. a3 axb4 32. cxb4
Kh7 33. Re1 Bd6 34. Qc6 {Black forfeits on time} 1-0

[Event "ICC tourney 1979 (3 2)"]
[Site "Internet Chess Club"]
[Date "2020.08.28"]
[Round "4"]
[White "kushagra12"]
[Black "Kinawa"]
[Result "0-1"]
[ICCResult "White checkmated"]
[WhiteElo "1441"]
[BlackElo "1595"]
[Opening "Caro-Kann: advance variation"]
[ECO "B12"]
[NIC "CK.04"]
[Time "20:36:52"]
[TimeControl "180+2"]

1. e4 c6 2. d4 d5 3. e5 Bf5 4. Nf3 e6 5. Nc3 c5 6. Bf4 Nc6 7. Bb5 Ne7 8.
dxc5 Ng6 9. Bxc6+ bxc6 10. Bg5 Qc7 11. O-O Bxc5 12. Re1 O-O 13. a3 Rab8 14.
b4 Bb6 15. h3 h6 16. Bd2 Ne7 17. a4 a6 18. a5 Ba7 19. g4 Bg6 20. Be3 Bxe3
21. Rxe3 Rxb4 22. Nd4 c5 23. Nb3 d4 24. Na2 dxe3 25. Nxb4 exf2+ 26. Kxf2
cxb4 27. Nd4 Qxe5 28. Nf3 Qc5+ 29. Nd4 e5 30. Ke1 exd4 31. Rc1 Nd5 32. Qd2
Re8+ 33. Kd1 Nc3+ 34. Qxc3 dxc3 35. h4 Qd4# {White checkmated} 0-1

[Event "ICC tourney 1979 (3 2)"]
[Site "Internet Chess Club"]
[Date "2020.08.28"]
[Round "4"]
[White "ztraynor"]
[Black "strangerthingz"]
[Result "0-1"]
[ICCResult "White checkmated"]
[WhiteElo "1153"]
[BlackElo "1271"]
[Opening "Queen's pawn, Mason variation"]
[ECO "D00"]
[NIC "QP.08"]
[Time "20:36:31"]
[TimeControl "180+2"]

1. d4 d5 2. Bf4 Nf6 3. e3 c6 4. Bd3 Qb6 5. b3 e6 6. Nd2 Bb4 7. a3 Be7 8.
Ngf3 O-O 9. Ne5 Nbd7 10. c4 Nxe5 11. dxe5 Nd7 12. cxd5 exd5 13. O-O Qd8 14.
e4 dxe4 15. Nxe4 Nc5 16. Nxc5 Bxc5 17. b4 Bb6 18. Kh1 Be6 19. Qd2 Qc7 20.
Rfe1 Rad8 21. Be3 Bf5 22. Bxb6 Qxb6 23. Qe3 Qxe3 24. Rxe3 Rxd3 25. Rxd3 Bxd3
26. Rd1 Ba6 27. f4 f6 28. e6 Re8 29. f5 h5 30. Rd7 Kf8 31. e7+ Kf7 32. Rd8
Rxe7 33. Rh8 Re1# {White checkmated} 0-1

[Event "ICC tourney 1979 (3 2)"]
[Site "Internet Chess Club"]
[Date "2020.08.28"]
[Round "4"]
[White "NonnaThat"]
[Black "rcsong"]
[Result "1-0"]
[ICCResult "Black resigns"]
[WhiteElo "1892"]
[BlackElo "1420"]
[Opening "French: Steinitz variation"]
[ECO "C11"]
[NIC "FR.04"]
[Time "20:37:04"]
[TimeControl "180+2"]

1. e4 e6 2. d4 d5 3. Nc3 Nf6 4. e5 Nfd7 5. f4 a6 6. Nf3 c5 7. Be3 Nc6 8. Qd2
cxd4 9. Nxd4 Bc5 10. O-O-O Bxd4 11. Bxd4 Nxd4 12. Qxd4 O-O 13. Bd3 b5 14. g4
Qb6 15. Qxb6 Nxb6 16. Ne2 Nc4 17. Bxc4 dxc4 18. Rhf1 Bb7 19. Rd7 Bd5 20. Nc3
Rfd8 21. Nxd5 Rxd7 22. Nb6 Raa7 23. Nxd7 Rxd7 24. Rd1 Rd5 25. Rxd5 exd5 26.
Kd2 d4 27. Ke2 b4 28. b3 cxb3 29. axb3 Kf8 30. Kd3 Ke7 31. Kxd4 {Black
resigns} 1-0

[Event "ICC tourney 1979 (3 2)"]
[Site "Internet Chess Club"]
[Date "2020.08.28"]
[Round "4"]
[White "jthebest"]
[Black "Jeffchess"]
[Result "1-0"]
[ICCResult "Black checkmated"]
[WhiteElo "1223"]
[BlackElo "1293"]
[Opening "St. George (Baker) defense"]
[ECO "B00"]
[NIC "VO.17"]
[Time "20:36:09"]
[TimeControl "180+2"]

1. e4 a6 2. Nf3 e6 3. d4 c6 4. c4 b5 5. Nc3 Bb4 6. Qb3 Qa5 7. Bd2 Bxc3 8.
Bxc3 Qc7 9. Bd3 Ne7 10. O-O Bb7 11. Rad1 d5 12. cxd5 cxd5 13. exd5 Bxd5 14.
Qc2 Nbc6 15. Rfe1 Rc8 16. Re3 Nxd4 17. Nxd4 Bxa2 18. Bxh7 g6 19. Rh3 Bc4 20.
Nf3 Nd5 21. Bxh8 Nb4 22. Qb1 Ba2 23. Qa1 Qc2 24. Ne5 Bb1 25. Rf1 Qc1 26. Re3
Qc2 27. h3 Ba2 28. Qe1 Nd5 29. Qd1 Qxd1 30. Rxd1 Bb3 31. Rd2 Rc1+ 32. Kh2
Bc4 33. Rc3 a5 34. Rxc1 a4 35. Rcd1 a3 36. bxa3 Bb3 37. Re1 Bc4 38. Nd3 Bxd3
39. Rxd3 Nc7 40. Rc3 Na6 41. Rc8+ Kd7 42. Ra8 Nc7 43. Rd1+ Kc6 44. Rc8 Kb7
45. Rf8 Nd5 46. Rxf7+ Kb6 47. Bd4+ Ka5 48. Ra7# {Black checkmated} 1-0

[Event "ICC tourney 1979 (3 2)"]
[Site "Internet Chess Club"]
[Date "2020.08.28"]
[Round "4"]
[White "shrey16ultimate"]
[Black "Viking21"]
[Result "0-1"]
[ICCResult "White forfeits on time"]
[WhiteElo "1452"]
[BlackElo "1500"]
[Opening "Queen's pawn, Mason variation"]
[ECO "D00"]
[NIC "QP.08"]
[Time "20:36:15"]
[TimeControl "180+2"]

1. d4 d5 2. Bf4 Nf6 3. e3 e6 4. Nf3 c5 5. c3 Bd6 6. Bg3 Nc6 7. Nbd2 O-O 8.
Bd3 b6 9. Ne5 Bb7 10. O-O Qc7 11. Ndf3 Ne4 12. Nxc6 Bxc6 13. Qc2 f5 14. Ne5
Nxg3 15. hxg3 Bxe5 16. dxe5 Qxe5 17. c4 Rf6 18. Rfe1 Rh6 19. f4 Qf6 20. cxd5
Bxd5 21. e4 Qd4+ 22. Kf1 Rh1+ 23. Ke2 Rxe1+ 24. Rxe1 fxe4 25. Bb5 c4 26. Rd1
Qc5 27. Bd7 Qc7 28. Ba4 a6 29. Rd4 b5 30. Qd2 Qf7 31. Bc2 Rd8 32. Bxe4 h6
33. Bc2 Qh5+ 34. Kf2 Qg4 35. Qe2 Rf8 {White forfeits on time} 0-1

[Event "ICC tourney 1979 (3 2)"]
[Site "Internet Chess Club"]
[Date "2020.08.28"]
[Round "4"]
[White "UltimateDL"]
[Black "Aadarsh99"]
[Result "0-1"]
[ICCResult "White forfeits on time"]
[WhiteElo "1276"]
[BlackElo "1353"]
[Opening "French: advance variation"]
[ECO "C02"]
[NIC "FR.03"]
[Time "20:36:32"]
[TimeControl "180+2"]

1. e4 e6 2. d4 d5 3. e5 c5 4. c3 Ne7 5. dxc5 Nf5 6. Nf3 Bxc5 7. Bd3 Nc6 8.
Bxf5 exf5 9. O-O O-O 10. Bg5 Qc7 11. Re1 Be6 12. Nbd2 h6 13. Be3 Bxe3 14.
Rxe3 Rad8 15. Nb3 b6 16. Nbd4 Rfe8 17. Nxc6 Qxc6 18. Nd4 Qc7 19. Qf3 Bc8 20.
Rae1 Re7 21. Nxf5 Bxf5 22. Qxf5 Rde8 23. g3 Qc4 24. b3 Qc6 25. Qf3 Qb7 26.
Qf5 Qc6 27. Qd3 Re6 28. Qd4 Qb7 29. Kg2 Qc6 30. Kh3 Qd7 31. Kg2 Qc6 32. f3
Qb7 33. Kf2 Qc6 34. f4 g6 35. g4 R6e7 36. Kg3 Qb7 37. f5 g5 38. e6 Qc7+
{White forfeits on time}
0-1

[Event "ICC tourney 1979 (3 2)"]
[Site "Internet Chess Club"]
[Date "2020.08.28"]
[Round "4"]
[White "stgummadi"]
[Black "aryababu25"]
[Result "0-1"]
[ICCResult "White forfeits on time"]
[WhiteElo "1097"]
[BlackElo "1341"]
[Opening "Scotch game"]
[ECO "C45"]
[NIC "SO.05"]
[Time "20:36:53"]
[TimeControl "180+2"]

1. e4 e5 2. Nf3 Nc6 3. d4 exd4 4. Nxd4 Bc5 5. Be3 Qh4 6. Nc3 Bb4 7. g3 Qxe4
8. Qf3 Qxf3 9. Nxf3 Bxc3+ 10. bxc3 Nf6 11. Nd4 Ne5 12. Bg2 O-O 13. Bf4 Re8
14. O-O-O d6 15. Rhe1 Rb8 16. h3 c5 17. Nb3 c4 18. Na1 Re6 19. g4 b5 20. Bg3
a5 21. f4 Ned7 22. Rxe6 fxe6 23. f5 e5 24. Rxd6 b4 {White forfeits on time}
0-1

[Event "ICC tourney 1979 (3 2)"]
[Site "Internet Chess Club"]
[Date "2020.08.28"]
[Round "4"]
[White "EsatERGIN"]
[Black "Alec-hine"]
[Result "1-0"]
[ICCResult "Black forfeits on time"]
[WhiteElo "1694"]
[BlackElo "1698"]
[Opening "French: exchange variation"]
[ECO "C01"]
[NIC "FR.01"]
[Time "20:36:09"]
[TimeControl "180+2"]

1. e4 e6 2. d4 d5 3. exd5 exd5 4. Bd3 Bd6 5. Nf3 Ne7 6. O-O O-O 7. c3 c6 8.
Qc2 Ng6 9. Be3 Nd7 10. Nbd2 Nf6 11. Rfe1 Qc7 12. Bg5 Be7 13. Ne5 Be6 14. h4
Rfe8 15. Nxg6 hxg6 16. Bxg6 fxg6 17. Rxe6 Kf7 18. Rae1 Bd6 19. R6e2 Bf4 20.
Nf3 Ne4 21. Bxf4 Qxf4 22. Ne5+ Kg8 23. Rxe4 dxe4 24. Rxe4 Qf5 25. Qe2 c5 26.
d5 Rad8 27. c4 g5 28. g4 Qf6 29. h5 Re7 30. Ng6 Rxe4 31. Qxe4 Qf7 32. Qe5
Re8 33. Qxg5 Re1+ 34. Kg2 Re2 35. Qf4 Qxf4 36. Nxf4 Rxb2 37. d6 Rd2 38. Nd5
Kf7 39. d7 Rxd5 40. cxd5 Ke7 41. g5 c4 42. h6 gxh6 43. gxh6
{Black forfeits on time}
1-0

[Event "ICC tourney 1979 (3 2)"]
[Site "Internet Chess Club"]
[Date "2020.08.28"]
[Round "4"]
[White "SuperBlueSky"]
[Black "hursha6b5"]
[Result "1-0"]
[ICCResult "Black resigns"]
[WhiteElo "1369"]
[BlackElo "1574"]
[Opening "QGD: Tartakower (Makagonov-Bondarevsky) system"]
[ECO "D58"]
[NIC "QO.09"]
[Time "20:36:19"]
[TimeControl "180+2"]

1. d4 d5 2. c4 e6 3. Nc3 Nf6 4. Nf3 Be7 5. Bg5 h6 6. Bh4 O-O 7. e3 b6 8. Rc1
Bb7 9. Bxf6 Bxf6 10. cxd5 exd5 11. b4 Nd7 12. Be2 a5 13. b5 Re8 14. O-O Nf8
15. Qb3 Qd6 16. a3 Ng6 17. Bd3 Rad8 18. Ne2 Bc8 19. Bxg6 fxg6 20. Nf4 g5 21.
Nd3 Bg4 22. Nfe5 Bf5 23. Nc6 Rd7 24. Nde5 Bxe5 25. Nxe5 Rde7 26. Rc6 Qd8 27.
Rfc1 Kh7 28. Qc3 Bd7 29. Nxd7 Qxd7 30. Rxc7 Qxb5 31. Rxe7 Rxe7 32. Qc6 Qb2
33. a4 Rf7 34. Qc2+ Qxc2 35. Rxc2 Rf6 36. f3 Kg6 37. Rc7 Rf7 38. Rxf7 Kxf7
39. Kf2 Ke6 40. Ke2 Kd6 41. Kd3 Kc6 42. e4 g6 43. g4 h5 44. h3 b5 45. axb5+
Kxb5 46. e5 a4 47. Kc3 h4 48. Kb2 Kc6 49. Ka3 Kb5 50. e6 Kc6 51. Kxa4 Kd6
52. Kb5 Ke7 53. Kc5 Kxe6 54. Kc6 Ke7 55. Kxd5 Kd7 56. Ke5 Ke7 57. d5 Kd7 58.
d6 Kc6 59. Ke6 {Black resigns} 1-0

[Event "ICC tourney 1979 (3 2)"]
[Site "Internet Chess Club"]
[Date "2020.08.28"]
[Round "4"]
[White "auggie29"]
[Black "weakfish"]
[Result "0-1"]
[ICCResult "White forfeits on time"]
[WhiteElo "1215"]
[BlackElo "1296"]
[Opening "Queen's pawn, Mason variation"]
[ECO "D00"]
[NIC "QP.08"]
[Time "20:36:38"]
[TimeControl "180+2"]

1. d4 d5 2. Bf4 c6 3. Nf3 Nf6 4. e3 Bg4 5. h3 Bh5 6. c4 e6 7. Nc3 Be7 8. Bd3
Bxf3 9. Qxf3 Nbd7 10. cxd5 cxd5 11. Bb5 O-O 12. g4 a6 13. Bd3 Rc8 14. h4 Ne8
15. g5 g6 16. Qg3 Bb4 17. Rc1 Bxc3+ 18. bxc3 Qa5 19. h5 Rxc3 20. Rxc3 Qxc3+
21. Ke2 Ng7 22. hxg6 fxg6 23. Rd1 Nh5 24. Qg4 Nxf4+ 25. exf4 Qxd4 26. Qxe6+
Kh8 27. Qxd7 Qxf4 28. Rf1 Qxg5 29. Qxb7 Qe5+ 30. Kd1 Qa1+ 31. Qb1 Qd4 32.
Kd2 Rxf2+ 33. Rxf2 Qxf2+ 34. Kc3 Qc5+ 35. Kd2 Qf2+ 36. Kc3 d4+ 37. Kc4 Qf7+
38. Kxd4 Qf6+ 39. Kc4 Qc6+ 40. Kd4 Qa4+ 41. Ke3 Qe8+ 42. Kd2 Qd7 43. Qb8+
Kg7 44. Qe5+ Kg8 45. Kc2 Qc8+ 46. Kd2 Qd7 47. Ke2 Kf7 48. Bc4+ Kf8 49. Qh8+
Ke7 50. Qg7+ Kd6 51. Qd4+ Ke7 52. Qe4+ Kd6 53. Qf4+ Kc5 54. Qc1 Qe7+ 55. Kd3
Qd6+ 56. Kc3 Qd4+ 57. Kb3 Qe3+ 58. Ka4 Qe8+ 59. Kb3 Qb8+ 60. Kc3 a5 61. Kd3
Qd6+ 62. Kc3 Qd4+ 63. Kb3 a4+ {White forfeits on time} 0-1

[Event "ICC tourney 1979 (3 2)"]
[Site "Internet Chess Club"]
[Date "2020.08.28"]
[Round "4"]
[White "MIEMBR"]
[Black "sanjayselvam"]
[Result "0-1"]
[ICCResult "White checkmated"]
[WhiteElo "1536"]
[BlackElo "1497"]
[Opening "Queen's pawn game, Darooha variation "]
[ECO "D02"]
[NIC "QP.06"]
[Time "20:36:42"]
[TimeControl "180+2"]

1. d4 Nf6 2. Nf3 d5 3. g3 e6 4. Bg2 Be7 5. O-O c6 6. c4 O-O 7. Qc2 b6 8.
Nbd2 Bb7 9. e4 dxe4 10. Nxe4 Nbd7 11. Re1 c5 12. Neg5 h6 13. Nh3 Rc8 14. Qe2
Bxf3 15. Bxf3 cxd4 16. b3 Nc5 17. Bb2 Qd7 18. Rad1 e5 19. Bg2 Bd6 20. f4
Rfe8 21. Qf2 Ng4 22. Qd2 Ne3 23. Rxe3 dxe3 24. Qxd6 Qf5 25. fxe5 e2 26. Re1
Rcd8 27. Qc7 Rd1 28. Bc3 Nd3 29. Qc6 Rf8 30. Qf3 Qxf3 31. Bxf3 Nxe1 32. Bxe1
Rxe1+ 33. Kf2 Ra1 34. Bxe2 Rd8 35. Kf3 Rxa2 36. Nf4 g5 37. Nd5 Kg7 38. g4
Rf8 39. Nf6 Rd8 40. Nd5 Re8 41. Bd3 Rxe5 42. Nb4 Rxh2 43. Nd5 Rd2 44. Be4
Rd4 45. Bc2 Rexd5 46. cxd5 Rxd5 47. Ke4 Rc5 48. Bd3 Rc3 49. Bc4 Rxc4+ 50.
bxc4 Kg6 51. Kf3 f5 52. Kg3 fxg4 53. Kxg4 h5+ 54. Kg3 Kf6 55. Kf3 Kf5 56.
Kg3 g4 57. Kg2 Kf4 58. Kf2 h4 59. Kg2 h3+ 60. Kh2 Kf3 61. c5 bxc5 62. Kg1 g3
63. Kh1 Ke2 64. Kg1 c4 65. Kh1 c3 66. Kg1 c2 67. Kh1 c1=Q# {White
checkmated} 0-1

[Event "ICC tourney 1979 (3 2)"]
[Site "Internet Chess Club"]
[Date "2020.08.28"]
[Round "4"]
[White "stephenwilly"]
[Black "PearsonH"]
[Result "0-1"]
[ICCResult "White checkmated"]
[WhiteElo "1484"]
[BlackElo "1385"]
[Opening "French: exchange variation"]
[ECO "C01"]
[NIC "FR.01"]
[Time "20:36:24"]
[TimeControl "180+2"]

1. e4 e6 2. d4 d5 3. exd5 exd5 4. c4 Nf6 5. Nc3 Bb4 6. Nf3 O-O 7. c5 b6 8.
a3 Bxc3+ 9. bxc3 bxc5 10. dxc5 Qe7+ 11. Be3 Nbd7 12. c6 Ne5 13. Bb5 Bg4 14.
h3 Bxf3 15. gxf3 Qd6 16. Rg1 Nxc6 17. Bxc6 Qxc6 18. Qd4 Rfe8 19. Kd2 Re6 20.
Rab1 Qc4 21. Qxc4 dxc4 22. Rb7 Rd6+ 23. Kc2 Ra6 24. Rxc7 Nd5 25. Rxc4 Nxe3+
26. fxe3 Rxa3 27. Rcg4 g6 28. h4 Rc8 29. c4 Rxe3 30. Rf4 Kg7 31. Ra1 Re7 32.
Kc3 Rec7 33. Ra6 f5 34. Ra5 h6 35. h5 g5 36. Rfxf5 Rxc4+ 37. Kd3 Rc3+ 38.
Ke2 Rc2+ 39. Kf1 Rc1+ 40. Kg2 R8c2+ 41. Kg3 Rg1+ 42. Kh3 Rh1+ 43. Kg3 Rg1+
44. Kh3 Rc7 45. Ra6 g4+ 46. fxg4 Rc3+ 47. Kh2 Rxg4 48. Rxa7+ Kg8 49. Ra8+
Kg7 50. Raf8 Rc7 51. Re8 Rg5 52. Rxg5+ hxg5 53. Re5 Kh6 54. Kg3 Kxh5 55. Re8
Rc4 56. Kf3 g4+ 57. Kg3 Rc3+ 58. Kf4 Rf3+ 59. Ke4 Rf1 60. Rh8+ Kg5 61. Rg8+
Kh4 62. Rh8+ Kg3 63. Ke3 Kg2 64. Rg8 g3 65. Ke2 Rf7 66. Ke1 Rf3 67. Ke2 Rf2+
68. Ke1 Rf6 69. Ke2 Kh2 70. Rh8+ Kg1 71. Rg8 g2 72. Ke1 Rf5 73. Ke2 Kh2 74.
Rh8+ Kg3 75. Rg8+ Kh3 76. Rh8+ Kg4 77. Rg8+ Kh3 78. Rh8+ Kg3 79. Rg8+ Kh2
80. Rh8+ Kg1 81. Rg8 Rf7 82. Rg6 Re7+ 83. Kf3 Rf7+ 84. Ke2 Rf4 85. Ke1 Re4+
86. Kd2 Kh2 87. Rh6+ Kg3 88. Rg6+ Rg4 89. Re6 g1=Q 90. Re3+ Kh4 91. Re8 Rg2+
92. Kd3 Qd1+ 93. Ke4 Qe2+ 94. Kf5 Qxe8 95. Kf4 Rf2# {White checkmated} 0-1